 Dungeon Crawl Stone Soup version 0.23.2 (webtiles) character file.

Game seed: 8664549680819214623

3336 Borgoz the Cutter (level 10, -13/61 HPs)
             Began as a Gargoyle Fighter on Mar 31, 2019.
             Was an Initiate of Ashenzari.
             Killed from afar by a ynoxinul (20 damage)
             ... with an iron shot
             ... on level 2 of the Abyss.
             The game lasted 00:16:43 (8419 turns).

Borgoz the Cutter (Gargoyle Fighter)                Turns: 8419, Time: 00:16:44

Health: -13/61     AC: 18    Str: 20    XL:     10   Next: 2%
Magic:  10/10      EV: 12    Int:  9    God:    Ashenzari [......]
Gold:   556        SH:  0    Dex: 12    Spells: 9/9 levels left

rFire    . . .     SeeInvis .   a - +1 rapier
rCold    . . .     Gourm    .   (no shield)
rNeg     + + .     Faith    .   b - +0 scale mail
rPois    ∞         Spirit   .   (no helmet)
rElec    +         Reflect  .   B - +2 cloak
rCorr    .         Harm     .   (no gloves)
MR       +....                  (no boots)
Stlth    ++........             (no amulet)
HPRegen  0.20/turn              p - ring of positive energy
MPRegen  0.12/turn              v - ring of protection from magic

@: no status effects
A: negative energy resistance 1, electricity resistance, unbreathing,
petrification resistance, rot immunity, AC +7
a: Curse Item, Renounce Religion


You were on level 2 of the Abyss.
You worshipped Ashenzari.
Ashenzari was noncommittal.
You were not hungry.

You visited 2 branches of the dungeon, and saw 9 of its levels.
You visited the Abyss 1 time.
You also visited: Sewer and Ossuary.

You collected 556 gold pieces.

Inventory:

Hand Weapons
 a - a +1 rapier (weapon)
 s - a +0 rapier
 z - a +2 quarterstaff of chaos
 D - a +2 dagger of chaos
Missiles
 x - 6 javelins (quivered)
 H - 8 tomahawks
Armour
 b - a +0 scale mail (worn)
 c - a +0 shield
 B - a +2 cloak (worn)
Jewellery
 g - an uncursed ring of flight
 p - a ring of positive energy (left hand)
 v - a ring of protection from magic (right hand)
Wands
 e - a wand of polymorph (10)
 y - a wand of random effects (19)
 E - a wand of flame (19)
 F - a wand of enslavement (10)
Scrolls
 j - a scroll of noise {unknown}
 m - 2 scrolls of teleportation
 r - 2 scrolls of holy word
 t - a scroll of brand weapon {unknown}
 u - 3 scrolls of remove curse
 A - a scroll of blinking
 G - a scroll of magic mapping
 I - a scroll of identify
Potions
 d - a potion of resistance
 h - 2 potions of haste
 k - 2 potions of flight
 l - 2 potions of magic
 n - a potion of ambrosia {unknown}
 o - 4 potions of brilliance
 q - 2 potions of mutation {unknown}
 w - a potion of lignification {unknown}
 C - 2 potions of cancellation {unknown}
Comestibles
 f - 6 rations
 i - 2 chunks of flesh


   Skills:
 + Level 6.7 Fighting
 * Level 6.9 Short Blades
 + Level 6.7 Armour
 * Level 5.7 Dodging
 + Level 5.7 Stealth
 - Level 4.1 Shields


You had 9 spell levels left.
You didn't know any spells.
Your spell library was empty.

Dungeon Overview and Level Annotations

Branches:
Dungeon (8/15)             Temple (1/1) D:4
   Lair: D:8-11

Altars:
Ashenzari
Cheibriados
Elyvilon
Fedhas
Gozag
Hepliaklqana
Kikubaaqudgha
Makhleb
Nemelex Xobeh
Okawaru
Qazlal
Ru
Sif Muna
Trog
Uskayaw
Vehumet
Wu Jian
Xom
Zin

Shops:
D:4 !   D:6 ?

Annotations:
D:7 Psyche


Innate Abilities, Weirdness & Mutations

You are resistant to torment.
Your stone body is resilient. (AC +7)
You are immune to poison.
You resist negative energy. (rN+)
You are resistant to electric shocks. (rElec)
You can survive without breathing.
You are immune to petrification.
You are immune to rotting.


Message History

The spatial vortex moves out of view.
A spatial vortex comes into view.
A ynoxinul comes into view.
The bone dragon misses you.
The bone dragon claws you but does no damage.
The bone dragon tramples you!
* * * LOW HITPOINT WARNING * * *
You stumble backwards!
A spatial vortex comes into view. x2
The spatial maelstrom hits you but does no damage. x2
A spatial vortex comes into view.
The spatial maelstrom hits you!
* * * LOW HITPOINT WARNING * * *
You feel strangely stable.
The spatial maelstrom barely misses you.
The ynoxinul hits you but does no damage.
The ynoxinul hits you but does no damage.
The ynoxinul gestures at you. The iron shot hits you!!
You die...

.. .. ## ###.##.. #
... ......#. .#.#
.#.....#..## ##...
...........
#.#..######.#.#...#.
###..#..#.D.3..#...#
§.. #....#..#...#..#.
#.. #........#v@...#
.. #
..##.#...v..#.#.#.#
##..##.###.#.#.......
#
###..v#.#.##.........
# # #...
..4#.##.#####.##
.#.....#.####....#
.#... ##§##.#v..
####..## .#.## . .§
v##... .#....# #. ..
...##. .### ## . .


You could see a bone dragon, a spatial maelstrom and a ynoxinul.

Vanquished Creatures
  Prince Ribbit (D:5)
  Grinder (D:6)
  A wyvern (D:6)
  A hungry ghost (D:7)
  Menkaure (D:6)
  2 orc warriors
  An ice beast (D:7)
  2 ogres
  2 bullfrogs
  Blork the orc (D:5)
  4 big kobolds (Sewer)
  2 scorpions
  6 killer bees (D:7)
  2 howler monkeys
  5 crimson imps
  A centaur zombie (D:6)
  Crazy Yiuf (D:5)
  2 hounds
  4 orc priests
  3 bullfrog skeletons
  An iguana (D:6)
  2 orc wizards
  7 worker ants
  A hound skeleton (D:5)
  8 mummies (Ossuary)
  3 gnolls (D:7)
  11 adders
  3 river rats
  4 oozes
  An adder skeleton (D:7)
  7 worms
  6 dart slugs
  4 leopard geckos
  13 orcs
  9 ball pythons
  12 bats
  4 giant cockroaches
  14 goblins
  12 hobgoblins
  10 jackals
  2 quokkas
  8 frilled lizards
  A giant cockroach zombie (D:4)
  A gnoll zombie (Ossuary)
  2 hobgoblin zombies (Ossuary)
  15 kobolds
  2 kobold zombies (Ossuary)
  A leopard gecko skeleton (D:7)
  A leopard gecko zombie (D:6)
  3 orc zombies (Ossuary)
  15 rats
226 creatures vanquished.

Notes
Turn   | Place    | Note
-------+----------+-------------------------------------------
     0 | D:1      | Borgoz the Gargoyle Fighter began the quest for the Orb.
     0 | D:1      | Reached XP level 1. HP: 14/14 MP: 1/1
    58 | D:1      | Reached XP level 2. HP: 18/19 MP: 2/2
   305 | D:1      | Reached XP level 3. HP: 23/23 MP: 3/3
   642 | D:2      | Reached XP level 4. HP: 20/28 MP: 4/4
   901 | D:2      | Found a bloodstained altar of Trog.
  1551 | D:3      | Reached XP level 5. HP: 28/33 MP: 5/5
  1589 | D:3      | Reached skill level 1 in Stealth
  1759 | D:3      | Reached skill level 1 in Dodging
  2154 | D:4      | Found a staircase to the Ecumenical Temple.
  2160 | Temple   | Entered the Ecumenical Temple
  2278 | D:4      | Noticed an ogre
  2288 | D:4      | Killed an ogre
  2288 | D:4      | Reached XP level 6. HP: 36/38 MP: 6/6
  2328 | D:4      | Found Runoox's Distillery.
  2367 | D:4      | Found a sand-covered staircase.
  2378 | Ossuary  | Entered an ossuary
  3022 | D:4      | Reached XP level 7. HP: 36/44 MP: 7/7
  3214 | D:4      | Found a radiant altar of Vehumet.
  3438 | D:5      | Entered Level 5 of the Dungeon
  3503 | D:5      | Noticed an air elemental
  3505 | D:5      | Found a stormy altar of Qazlal.
  3508 | D:5      | Noticed a water elemental
  3562 | D:5      | Found a runed translucent door.
  3563 | D:5      | Noticed Crazy Yiuf
  3593 | D:5      | Noticed a fire elemental
  3633 | D:5      | Noticed Prince Ribbit
  3651 | D:5      | Killed Prince Ribbit
  3651 | D:5      | Reached skill level 5 in Armour
  3720 | D:5      | Noticed Blork the orc
  3730 | D:5      | Killed Blork the orc
  3730 | D:5      | Reached XP level 8. HP: 16/48 MP: 8/8
  3778 | D:5      | Reached skill level 5 in Fighting
  3811 | D:5      | Found a glowing drain.
  3835 | Sewer    | Entered a sewer
  4242 | Sewer    | Reached skill level 5 in Short Blades
  4921 | D:5      | Killed Crazy Yiuf
  5171 | D:6      | Noticed Menkaure
  5175 | D:6      | Noticed Grinder
  5183 | D:6      | Killed Menkaure
  5231 | D:6      | Killed Grinder
  5231 | D:6      | Reached XP level 9. HP: 50/55 MP: 9/9
  5313 | D:6      | Found a burning altar of Makhleb.
  5314 | D:6      | Found a shimmering altar of Xom.
  5478 | D:6      | Found Maeky's Magic Scroll Emporium.
  5655 | D:6      | Found a blossoming altar of Fedhas.
  5691 | D:6      | Reached skill level 5 in Dodging
  6050 | D:7      | Reached skill level 5 in Stealth
  6215 | D:7      | HP: 1/56 [orc warrior/+0 dire flail (8)]
  7679 | D:7      | Found a shattered altar of Ashenzari.
  7686 | D:7      | Found a sparkling altar of Nemelex Xobeh.
  7693 | D:7      | Became a worshipper of Ashenzari the Shackled
  8082 | D:8      | Reached XP level 10. HP: 61/61 MP: 10/10
  8092 | D:8      | Noticed Psyche
  8292 | D:7      | Cast into level 2 of the Abyss (Psyche)
  8292 | Abyss:2  | Found a corrupted altar of Lugonu.
  8292 | Abyss:2  | Found a corrupted altar of Lugonu.
  8389 | Abyss:2  | Noticed a spatial maelstrom
  8393 | Abyss:2  | Noticed an orange demon
  8395 | Abyss:2  | Noticed a bone dragon
  8401 | Abyss:2  | Noticed a tentacled starspawn
  8419 | Abyss:2  | Killed from afar by a ynoxinul

Skill      XL: |  1  2  3  4  5  6  7  8  9 |
---------------+----------------------------+-----
Short Blades   | 2 3 4 5 6 |  6.9
Shields        | 4 |  4.1
Armour         | 4 5 6 |  6.7
Stealth        | 1 2 3 4 5 |  5.7
Dodging        | 1 2 3 4 5 |  5.7
Fighting       | 4 5 6 |  6.7

Action                   |  1- 3 |  4- 6 |  7- 9 | 10-12 || total
-------------------------+-------+-------+-------+-------++-------
Melee: Rapier            |   146 |   312 |   679 |    36 ||  1173
Evoke: Wand              |       |       |     2 |     4 ||     6
  Use: Scroll            |       |     8 |     9 |     3 ||    20
       Potion            |       |     8 |    12 |     1 ||    21
 Stab: Sleeping          |       |       |     1 |       ||     1
  Eat: Chunk             |       |     6 |    21 |       ||    27
       Ration            |       |       |     2 |       ||     2
Armor: Scale mail        |    78 |   229 |   331 |    37 ||   675
Dodge: Dodged            |    44 |   213 |   381 |    39 ||   677
Block: Shield            |   109 |    28 |       |       ||   137
